 Dungeon Crawl Stone Soup version 0.18-a0-1572-g0a86841 (webtiles) character file.

301 M4edhros the Poker (level 6, -7/63 HPs)
             Began as an Octopode Chaos Knight on Mar 15, 2016.
             Mangled by a komodo dragon (16 damage)
             ... on level 3 of the Dungeon.
             The game lasted 00:03:11 (2329 turns).

M4edhros the Poker (Octopode Chaos Knight)          Turns: 2329, Time: 00:03:11

Health: -7/63      AC: 23    Str: 12      XL:     6   Next: 37%
Magic:  0/6        EV:  2    Int: 17 (19) God:    Xom [...*..]
Gold:   164        SH:  0    Dex: 13      Spells: 0 memorised, 5 levels left

rFire  . . .     SeeInvis .     a - +0 spear (chaos)
rCold  . . .     Gourm    .     (no shield)
rNeg   + + +     Faith    .     (helmet currently unavailable)
rPois  +         Spirit   .     (no amulet)
rElec  .         Dismiss  .     (no ring)
rCorr  .         Reflect  .     (no ring)
SustAt .         Harm     .     (no ring)
MR     .....     NoTele   +     (no ring)
Stlth  +.........               (no ring)
                                (no ring)
                                (no ring)
                                (no ring)

@: brilliant, tree-form, not resistant to hostile enchantments, very unstealthy
A: almost no armour, (amphibious), 8 rings, (constrict 8), (camouflage 0),
blurry vision 1, deterioration 1, (gelatinous body 0)
a: Renounce Religion


You were on level 3 of the Dungeon.
You worshipped Xom.
You were a favourite toy of Xom.
You were hungry.
You were a tree.
You visited 1 branch of the dungeon, and saw 3 of its levels.

You collected 164 gold pieces.

Inventory:

Hand Weapons
 a - a +0 spear of chaos (weapon)
 n - a +0 hunting sling
Missiles
 p - a throwing net (quivered)
 q - 50 stones
Scrolls
 c - 2 scrolls of noise {unknown}
 e - 2 scrolls of fog {unknown}
 i - a scroll of blinking {unknown}
 m - 4 scrolls of identify {unknown}
 r - a scroll of recharging {unknown}
 t - a scroll of remove curse {unknown}
Potions
 d - a potion of flight
 j - a potion of brilliance
 k - a potion of mutation {unknown}
 l - a potion of invisibility {unknown}
 o - 4 potions of curing {unknown}
 s - a potion of cure mutation {unknown}
Comestibles
 b - 2 bread rations
 g - 3 fruits
 u - 3 chunks of flesh


   Skills:
 - Level 3.0 Fighting
 + Level 7.0 Polearms
 - Level 2.3 Dodging


You had 5 spell levels left.
You didn't know any spells.

Dungeon Overview and Level Annotations

Branches:
Dungeon (3/15)

Altars:
Trog
Xom


Innate Abilities, Weirdness & Mutations

You cannot wear most types of armour.
((You are amphibious.))
You can wear up to eight rings at the same time.
((You can use your tentacles to constrict eight enemies at once.))
((Your skin changes colour to match your surroundings (Stealth).))
((Your rubbery body absorbs attacks (AC +1).))
Scrolls take you a little longer to read.
Your body sometimes deteriorates upon taking damage.


Message History

The komodo dragon is heavily wounded. "Serve the toy, my child!"
The komodo dragon bites you!
Attack whom?
Press: ? - help, Dir - move target cursor, f/p - komodo dragon
Aim: a komodo dragon (heavily wounded, fast)
You hit the komodo dragon but do no damage.
The komodo dragon is heavily wounded.
The komodo dragon bites you!!
* * * LOW HITPOINT WARNING * * *
Your body deteriorates!
You feel dopey. The eye of draining gazes at you.
You feel your power leaking away.
Drink which item? (? for menu, Esc to quit)
It was a potion of brilliance.
You feel clever all of a sudden.
The komodo dragon bites you but does no damage.
The komodo dragon bites you!
You die...
Xom chortles!

###.......# ##..#.....#
#...##....##
#.#.##.#..#.
##.#.##.#....
##.......#....
####...##.##..###
#######.........##..# #
#...Gl♣5.......>...####
#.#####............###.
#.# ####.............#.
#.##.G.##.......##.#...
#G#.8...##.......#.#...
#b....G..#............(
#......_.#.......######
#........#########
###.8...##


You could see a komodo dragon, an eye of draining and a friendly quasit.

Vanquished Creatures
  An eye of draining (D:3)
  An ogre (D:3)
  Jessica (D:2)
  2 adders (D:2)
  3 gnolls (D:2)
  2 worms
  A dart slug (D:1)
  3 giant geckos
  2 ball pythons
  A giant cockroach (D:2)
  13 goblins
  A goblin (shapeshifter) (D:1)
  6 hobgoblins
  A jackal (D:2)
  8 kobolds
  8 bats
  2 giant newts
  5 rats
61 creatures vanquished.

Notes
Turn   | Place    | Note
--------------------------------------------------------------
     0 | D:1      | M4edhros the Octopode Chaos Knight began the quest for the Orb.
     0 | D:1      | Reached XP level 1. HP: 16/16 MP: 1/1
    13 | D:1      | XOM: harmless Necr miscast
    63 | D:1      | XOM: divination: magic mapping
   219 | D:1      | XOM: give mutations
   219 | D:1      | Gained mutation: You are frail (-10% HP). [Xom's mischief]
   219 | D:1      | Gained mutation: Scrolls take you a little longer to read. [Xom's mischief]
   219 | D:1      | Lost mutation: You are frail (-10% HP). [Xom's mischief]
   219 | D:1      | Gained mutation: Your body sometimes deteriorates upon taking damage. [Xom's mischief]
   399 | D:1      | XOM: polymorph kobold -> goblin
   400 | D:1      | Reached XP level 2. HP: 18/21 MP: 2/2
   416 | D:1      | XOM: swap monsters
   819 | D:1      | XOM: scenery: create altars
  1030 | D:1      | XOM: vitrification
  1048 | D:2      | Reached skill level 4 in Polearms
  1138 | D:2      | Reached XP level 3. HP: 26/26 MP: 3/3
  1378 | D:2      | Noticed Jessica
  1383 | D:2      | Reached XP level 4. HP: 28/31 MP: 4/4
  1386 | D:2      | Killed Jessica
  1386 | D:2      | Reached skill level 5 in Polearms
  1502 | D:2      | XOM: polymorph goblin -> jackal
  1735 | D:2      | Reached XP level 5. HP: 36/36 MP: 5/5
  2082 | D:3      | Noticed an ogre
  2226 | D:3      | XOM: confuse monster(s)
  2235 | D:3      | Killed an ogre
  2235 | D:3      | Reached skill level 6 in Polearms
  2277 | D:3      | Noticed an eye of draining
  2278 | D:3      | Found a bloodstained altar of Trog.
  2278 | D:3      | Noticed an eye of draining
  2279 | D:3      | Noticed an eye of draining
  2296 | D:3      | Killed an eye of draining
  2296 | D:3      | Reached skill level 7 in Polearms
  2296 | D:3      | Reached XP level 6. HP: 35/42 MP: 1/6
  2303 | D:3      | Noticed a komodo dragon
  2303 | D:3      | an eye of draining changed into a komodo dragon
  2303 | D:3      | XOM: polymorph eye of draining -> komodo dragon
  2306 | D:3      | XOM: butterfly on damage
  2308 | D:3      | XOM: enchant monster (good)
  2327 | D:3      | XOM: summons friendly quasit
  2329 | D:3      | Mangled by a komodo dragon

Vault maps used:
D:1:      mrwooster_arrival_statue, st_stairs_3, kennysheep_nondescript
D:2:      minmay_goblin_outpost, uniq_jessica
D:3:      trog_eyes_of_draining

Skill      XL: |  1  2  3  4  5 |
---------------+----------------+-----
Polearms       | 4 5 7 |  7.0
Fighting       | |  3.0
Dodging        | |  2.3

Action                   |  1- 3 |  4- 6 || total
-------------------------+-------+-------++-------
Melee: Spear             |    60 |   109 ||   169
  Use: Potion            |     1 |     5 ||     6
 Stab: Sleeping          |     6 |     4 ||    10
       Distracted        |     1 |       ||     1
       Paralysed         |       |     2 ||     2
  Eat: Chunk             |     1 |     3 ||     4
